AoeStats
← Chris Becker

Fortress

509893591Analyzed
4v4 RM · 4d ago on Sep 28, 2026· 43m 55s· 8 players
Game mode
Random Map
Map size
Huge
Population
200
Speed
Normal
Resources
Standard
Victory
Conquest
Starting age
Dark Age
Ending age
Imperial Age
RankedLock teamsTeams togetherTeam positionsShared explorationLock speedFull tech treeHidden civsTurbo modeCheats
Victory
Defeat
🇩🇰 Portuguese · Denmark
1577
+10
🇩🇪 Malay · Germany
1521
+12
🇭🇺 Gurjaras · Hungary
1476
+14
🇨🇦 Tupi · Canada
1465
+14
🇸🇬 Teutons · Singapore
1455
-13
🇧🇷 Turks · Brazil
1445
-13
🇺🇸 Franks · United States
1431
-12
🇳🇱 Spanish · Netherlands
1410
-12
anirone7589
7:12 Feudal Age
9:31 Double-Bit Axe
9:39 Horse Collar
12:01 Castle Age
12:49 Heavy Plow
13:01 Bow Saw
17:17 Loom
17:18 Town Watch
18:30 Wheelbarrow
19:51 Hand Cart
21:15 Gold Mining
21:16 Stone Mining
26:22 Imperial Age
24:17 Bloodlines
24:30 Scale Barding Armor
26:07 Chain Barding Armor
25:58 Forging
26:26 Cavalier
27:33 Conscription
28:01 Plate Barding Armor
27:37 Forging
27:59 Paladin
30:12 Coinage
32:21 Banking
32:48 Ironclad
31:52 Pikeman
32:33 Squires
32:18 Arson
33:31 Iron Casting
32:57 Scale Mail Armor
32:36 Onager
32:38 Halberdier
35:46 Chemistry
34:27 Siege Onager
35:53 Chain Mail Armor
37:24 Blast Furnace
36:27 Caravan
40:23 Plate Mail Armor
sdk
0:32 Loom
6:23 Feudal Age
6:57 Horse Collar
7:03 Double-Bit Axe
15:24 Castle Age
15:37 Loom
16:27 Wheelbarrow
15:37 Town Watch
17:15 Padded Archer Armor
32:11 Heavy Plow
34:21 Fortified Wall
43:15 Imperial Age
BigAl
7:00 Feudal Age
9:22 Loom
12:44 Castle Age
10:46 Double-Bit Axe
14:20 Bow Saw
15:50 Fervor
19:05 Stone Mining
20:52 Gold Mining
22:01 Fortified Wall
22:02 Masonry
21:32 Treadmill Crane
22:12 Ballistics
22:28 Scale Barding Armor
23:38 Forging
23:33 Scale Mail Armor
24:50 Squires
25:37 Ordonnance Companies
27:49 Fletching
28:14 Padded Archer Armor
30:05 Wheelbarrow
29:15 Town Watch
29:36 Bodkin Arrow
30:48 Leather Archer Armor
34:35 Chain Mail Armor
34:09 Arson
38:06 Imperial Age
37:01 Ballistics
39:02 Hand Cart
40:00 Heavy Mounted Crossbowman
40:00 Cranequins
41:03 Elite Skirmisher
42:53 Chemistry
42:49 Chain Barding Armor
43:04 Iron Casting
42:55 Caravan
43:43 Hoardings
43:13 Husbandry
44:19 Plate Barding Armor
Mr Diniz
8:08 Feudal Age
9:22 Double-Bit Axe
10:23 Horse Collar
12:56 Castle Age
13:41 Wheelbarrow
14:11 Bow Saw
14:06 Heavy Plow
16:14 Loom
23:31 Imperial Age
21:58 Gold Mining
22:36 Hand Cart
23:49 Scale Barding Armor
23:55 Forging
24:18 Bloodlines
24:09 Husbandry
24:57 Chain Barding Armor
24:04 Heavy Camel Rider
26:52 Plate Barding Armor
28:34 Forging
30:00 Iron Casting
30:42 Gold Shaft Mining
31:56 Blast Furnace
32:15 Town Watch
33:31 Two-Man Saw
38:06 Fletching
38:43 Padded Archer Armor
39:04 Bodkin Arrow
41:30 Leather Archer Armor
Lord Longshaft
9:44 Feudal Age
10:16 Double-Bit Axe
10:16 Horse Collar
10:54 Gold Mining
13:31 Castle Age
17:43 Imperial Age
17:09 Bow Saw
18:07 Loom
19:38 Chemistry
20:49 Town Watch
22:34 Wheelbarrow
24:58 Heavy Plow
26:04 Two-Man Saw
27:57 Stone Mining
29:08 Wheelbarrow
28:56 Fortified Wall
29:59 Masonry
31:11 Bombard Tower
32:49 Architecture
32:35 Arquebus
33:29 Conscription
33:45 Fletching
34:29 Hand Cart
34:45 Ballistics
34:43 Murder Holes
35:11 Bodkin Arrow
37:11 Coinage
36:43 Caravan
37:44 Padded Archer Armor
37:32 Treadmill Crane
38:42 Leather Archer Armor
39:57 Banking
40:21 Ring Archer Armor
40:52 Sappers
TheGooseTransporter
7:33 Feudal Age
11:10 Castle Age
9:34 Double-Bit Axe
9:37 Horse Collar
11:02 Scale Barding Armor
14:45 Forging
16:43 Bow Saw
18:37 Wheelbarrow
19:39 Hand Cart
20:00 Heavy Plow
22:01 Loom
22:03 Town Watch
24:10 Gold Mining
26:37 Gold Shaft Mining
25:53 Stone Mining
29:13 Imperial Age
27:32 Iron Casting
27:01 Husbandry
27:56 Bloodlines
28:08 Chain Barding Armor
29:16 Heavy Camel Rider
30:33 Plate Barding Armor
30:48 Stone Shaft Mining
31:10 Conscription
32:00 Frontier Guards
31:43 Light Cavalry
34:06 Coinage
35:08 Chemistry
34:18 Masonry
35:30 Banking
36:52 Architecture
36:32 Fortified Wall
42:17 Hussar
Retired SweatLord
2:19 Loom
6:52 Feudal Age
10:44 Castle Age
9:22 Fletching
10:43 Double-Bit Axe
11:56 Bodkin Arrow
14:14 Ballistics
25:16 Imperial Age
23:22 Horse Collar
26:03 Bracer
27:32 Chemistry
29:57 Curare
34:35 Wheelbarrow
33:46 Loom
33:46 Town Watch
34:14 Stone Mining
34:16 Gold Mining
34:30 Heavy Plow
34:43 Bow Saw
40:18 Padded Archer Armor
Chris Becker
9:34 Feudal Age
10:49 Double-Bit Axe
13:11 Castle Age
11:13 Gold Mining
11:50 Horse Collar
13:52 Bow Saw
18:25 Loom
20:06 Wheelbarrow
20:30 Scale Barding Armor
20:43 Husbandry
21:42 Forging
22:06 Hand Cart
23:18 Iron Casting
24:58 Heavy Plow
25:41 Gold Shaft Mining
28:25 Imperial Age
28:09 Elite Battle Elephant
30:49 Blast Furnace
30:28 Conscription
30:21 Squires
31:38 Pikeman
32:31 Halberdier
35:31 Man-at-Arms
36:41 Long Swordsman
37:24 Forced Levy
37:47 Fletching
37:58 Padded Archer Armor
38:12 Two-Handed Swordsman
38:39 Arson
39:26 Elite Skirmisher
40:12 Thumb Ring
40:14 Bodkin Arrow
40:55 Capped Ram
43:49 Crop Rotation
Connection lost

Rejoining the realm…

Still unreachable

The connection could not be restored.

Session expired

The server has moved on; the page needs a fresh start.